 Dungeon Crawl Stone Soup version 0.30-a0-1018-g25214051b3 (webtiles) character file.

Game seed: 9023370509984991482

23 cheesebisquit the Firebug (level 2, 0/25 HPs)
             Began as a Draconian Fire Elementalist on Apr 7, 2023.
             Slain by a goblin
             ... wielding a +0 dagger
             ... led by Robin
              (1 damage)
             ... on level 2 of the Dungeon.
             The game lasted 00:04:32 (570 turns).

cheesebisquit the Firebug (DrFE)                     Turns: 570, Time: 00:04:33

Health: 0/25       AC:  4    Str: 10    XL:     2   Next: 72%
Magic:  4/5        EV: 12    Int: 15    God:
Gold:   12         SH:  0    Dex: 11    Spells: 4/5 levels left

rFire   . . .      SeeInvis .    g - +0 sling
rCold   + . .      Faith    .    (no shield)
rNeg    . . .      Spirit   .    (body armour unavailable)
rPois   .          Reflect  .    (helmet restricted)
rElec   .          Rampage  .    (no cloak)
rCorr   .                        (no gloves)
Will    .....                    (no boots)
Stlth   ++                       f - amulet of magic regeneration
HPRegen 0.24/turn                k - ring of protection from cold
MPRegen 0.49/turn                (no ring)

@: very slightly contaminated
A: AC +4, unfitting armour, cold-blooded
a: no special abilities


You were on level 2 of the Dungeon.
You visited 1 branch of the dungeon, and saw 2 of its levels.

You collected 28 gold pieces.
You spent 16 gold pieces at shops.

Inventory:

Hand Weapons
 c - a +0 club
 g - a +0 sling (weapon)
 l - a +0 quarterstaff
Missiles
 e - 4 boomerangs
Jewellery
 f - an amulet of magic regeneration (around neck)
 k - a ring of protection from cold (left hand)
Scrolls
 b - a scroll of immolation {unknown}
 j - a scroll of teleportation {unknown}
Potions
 a - a potion of magic
 d - a potion of berserk rage {unknown}
 i - a potion of attraction {unknown}


   Skills:
 + Level 2.7 Fighting
 - Level 1.7 Dodging
 - Level 1.7 Stealth
 - Level 2.0 Spellcasting
 - Level 1.0 Conjurations
 - Level 3.0 Fire Magic


You had 4 spell levels left.
You knew the following spells:

 Your Spells              Type           Power      Damage    Failure   Level
a - Foxfire               Conj/Fire      28%        2x1d5     10%         1

Your spell library contained the following spells:

 Spells                   Type           Power      Damage    Failure   Level
 Scorch                   Fire           20%        2d5       10%         2
 Momentum Strike          Conj/Tloc      6%         3d8       26%         2
 Blink                    Tloc           2%         N/A       32%         2
 Lesser Beckoning         Tloc           2%         N/A       32%         2
 Inner Flame              Hex/Fire       6%         N/A       34%         3
 Volatile Blastmotes      Fire/Tloc      12%        2d11      34%         3
 Flame Wave               Conj/Fire      7%         2d5       67%         4


Dungeon Overview and Level Annotations

Branches:
Dungeon (2/15)

Altars:

Shops:
D:1 *

Annotations:
D:2 Robin


Innate Abilities, Weirdness & Mutations

Your plain brown scales are hard. (AC +4)
You cannot fit into any form of body armour.
You are cold-blooded and may be slowed by cold attacks.


Message History

Press: ? - help, Q - select action, (/) - cycle Dir - look around, f - activate You conjure some foxfire!
The goblin closely misses you. The goblin hits you with a +0 dagger.
* * * LOW HITPOINT WARNING * * *
The goblin hits you but does no damage. The goblin hits you with a +0 dagger.
* * * LOW HITPOINT WARNING * * *
Okay, then.
You feel better.
The foxfire hits Robin.
Robin is lightly wounded.
The foxfire hits the goblin.
You kill the goblin!
Robin throws the goblin at you! The goblin completely misses you.
The goblin hits you with a +0 club. The goblin hits you but does no damage.
Casting: Foxfire (safe; 10% risk of failure)
Press: ? - help, Q - select action, (/) - cycle Dir - look around, f - activate You conjure some foxfire!
The goblin hits you but does no damage.
The foxfire hits the goblin.
You kill the goblin!
Robin points. "Kill!"
Robin barely misses you. The goblin hits you with a +0 club.
Okay, then.
The foxfire hits the goblin.
The goblin is moderately wounded.
The goblin hits you with a +0 club.
* * * LOW HITPOINT WARNING * * *
The goblin barely misses you.
Robin laughs in a distinctly smug fashion.
Robin throws the goblin at you!
* * * LOW HITPOINT WARNING * * *
Casting: Foxfire (safe; 10% risk of failure)
Press: ? - help, Q - select action, (/) - cycle Dir - look around, f - activate You miscast Foxfire.
You are very lightly contaminated with residual magic.
Nothing appears to happen.
Robin roars a battlecry!
The goblins go into a battle-frenzy!
The goblin hits you but does no damage. The goblin hits you with a +0 club.
* * * LOW HITPOINT WARNING * * *
The goblin hits you with a +0 dagger.
You die...

###### #.#....###..
#....# #.#.......g.
#....# #.#)......g)
#....# #.#.....g..)
#....# #.##..).##..
#....# #.##.†g.####
#....####.##g.g....#
#.g)g......#...###.#
#.g@g.)†.#..###.# .
#.g......##.# .#
##.......+.... ..
#.......####...##
#.......+ ....#
#.......# ....
#.......# ..#.
#.......# .#


You could see Robin and 4 goblins.

Vanquished Creatures
  A ball python (D:1)
  2 endoplasms (D:1)
  7 goblins (D:2)
  A hobgoblin (D:2)
  2 jackals (D:1)
  2 quokkas
  A bat (D:1)
  3 rats
19 creatures vanquished.

Vanquished Creatures (others)
  43 foxfires
43 creatures vanquished.

Grand Total: 62 creatures vanquished

Notes
Turn   | Place    | Note
-------+----------+-------------------------------------------
     0 | D:1      | cheesebisquit the Draconian Fire Elementalist began the
                  | quest for the Orb.
     0 | D:1      | Reached XP level 1. HP: 14/14 MP: 3/3
   103 | D:1      | Found Ilanof's General Store.
   124 | D:1      | Bought a +0 sling for 16 gold pieces
   135 | D:1      | Reached skill level 1 in Fighting
   355 | D:1      | Reached XP level 2. HP: 24/24 MP: 5/5
   430 | D:1      | Found a faded altar of an unknown god.
   517 | D:2      | Noticed Robin
   570 | D:2      | HP: 1/25 [goblin/+0 club[Robin] (2)]
   570 | D:2      | Slain by a goblin

Illustrated notes

Levels and vault maps discovered:
D:1:      roderic_dead_forest, layout_rooms, basic_ecumenical_altar,
          serial_shops, shop, roderic_filled_cross
D:2:      minmay_wonky_spiral, layout_basic, minmay_worlds_worst_comb,
          uniq_robin

Skill      XL: |  1  2 |
---------------+-------+-----
Fighting       | 1 2 |  2.7
Dodging        | |  1.7
Stealth        | |  1.7
Spellcasting   | |  2.0
Conjurations   | |  1.0
Fire Magic     | |  3.0

Action                     || total
---------------------------++-------
   Fire: Sling             ||     9
   Cast: Foxfire           ||    25
    Use: Potion            ||     2
 Armour: Skin              ||    11
  Dodge: Dodged            ||    36

Table legend: (Time is in decaauts)
 A = Elapsed time spent in this place.
 B = Non-inter-level travel time spent in this place.
 C = Inter-level travel time spent in this place.
 D = Time resting spent in this place.
 E = Time spent auto-exploring this place.
 F = Levels seen in this place.
 G = Mean time per level.
                   A        B        C        D        E       F      G
               +--------+--------+--------+--------+--------+-----+--------+
         Total |    571 |    543 |     28 |      0 |    392 |   2 |  285.5 |
       Dungeon |    571 |    543 |     28 |      0 |    392 |   2 |  285.5 |
               +--------+--------+--------+--------+--------+-----+--------+

Top non-repeatable levels by time:
     D:1: 467 daAuts
     D:2: 103 daAuts
